Quebec Rempart vs Drummondville Voltigeurs

Created - 27 septembre 2019 at 13:20

Simulating a Pre-Season

Goals
1 2 3 T
Quebec Rempart 2 6 2 10
Drummondville Voltigeurs 0 1 0 1
Shots
1 2 3 T
Quebec Rempart 15 18 9 42
Drummondville Voltigeurs 9 18 6 33

1st period

1. Quebec Rempart , Michael Joly 3 (Oscar Fantenberg 10, Jack Kopacka 4) at 7:59
2. Quebec Rempart , Michael Joly 4 (Tanner Fritz 7, Jack Kopacka 5) at 15:21

Penalties :
Julius Honka (VOL) for Fighting (Major) at 6:54, Tanner Fritz (REM) for Fighting (Major) at 6:54, Dmytro Timashov (REM) for Hooking (Minor) at 8:18, Seth Helgeson (VOL) for Fighting (Major) at 19:13, Dmytro Timashov (REM) for Fighting (Major) at 19:13

2nd period

3. Quebec Rempart , Jakob Stukel 3 (Connor Bunnaman 7) at 3:07
4. Quebec Rempart , Austin Czarnik 9 (Tom Kuhnhackl 6, Ilya Lyubushkin 6) at 3:27
5. Quebec Rempart , Tom Kuhnhackl 3 (Austin Czarnik 8) at 4:18
6. Drummondville Voltigeurs , Jean-Sebastien Dea 7 (Julius Honka 5, Curtis McKenzie 7) at 10:35 (PP)
7. Quebec Rempart , Jack Kopacka 6 (Michael Joly 8, Tanner Fritz 8) at 11:47 (PP)
8. Quebec Rempart , Dmytro Timashov 7 (Austin Czarnik 9, Tom Kuhnhackl 7) at 13:43
9. Quebec Rempart , Austin Czarnik 10 (Tom Kuhnhackl 8) at 16:26

Penalties :
Phillip Di Giuseppe (VOL) for Hooking (Minor) at 5:06, Evan Weinger (REM) for Tripping (Minor) at 9:44, Curtis McKenzie (VOL) for Roughing (Minor) at 11:12, Gage Quinney (VOL) for Fighting (Major) at 13:50, Michael Joly (REM) for Fighting (Major) at 13:50

3rd period

10. Quebec Rempart , Michael Joly 5 (Jack Kopacka 6) at 2:51
11. Quebec Rempart , Tanner Fritz 11 (Michael Joly 9, Jack Kopacka 7) at 11:33

Penalties :
Kevin Ekman-Larsson (VOL) for Fighting (Major) at 3:18, Evan Weinger (REM) for Fighting (Major) at 3:18, Olli Juolevi (VOL) for Fighting (Major) at 4:47, Dmytro Timashov (REM) for Fighting (Major) at 4:47, Olli Juolevi (VOL) for instigated a fight (Minor) at 4:47, Olli Juolevi (VOL) for instigated a fight (10 Minutes Misconduct) at 4:47, Ryan Gropp (VOL) for Fighting (Major) at 18:01, Tobias Geisser (REM) for Fighting (Major) at 18:01, Ryan Gropp (VOL) for instigated a fight (Minor) at 18:01, Ryan Gropp (VOL) for instigated a fight (10 Minutes Misconduct) at 18:01

Goalie Stats

Troy Grosenick (REM), 32 saves from 33 shots - (0,970), W, 3-0-1, 60:00 minutes
Unknown Goalie (VOL), 24 saves from 30 shots - (0,800), L, 0-1-0, 41:27 minutes
Unknown Goalie (VOL), 8 saves from 12 shots - (0,667), 18:33 minutes

Players Stats for Quebec Rempart

Player Name              G  A  P  +/- PIM S  H  SB GA TA FO     MP     PP MP  PK MP  
------------------------------------------------------------------------------------
Austin Czarnik           2  2  4   4  0   10 3  0  2  0  13/41  25:20   3:33   1:35 
Connor Bunnaman          0  1  1   1  0   3  2  0  0  1  6/10   13:27   0:39   0:51 
Dmytro Timashov          1  0  1   2  12  2  1  0  1  0  0/1    16:35   2:34   0:38 
Evan Weinger             0  0  0   1  7   0  0  0  1  0  0/1    12:54   0:00   0:48 
Ilya Lyubushkin          0  1  1   5  0   0  0  1  0  2  0/0    28:51   3:36   1:41 
Jack Kopacka             1  4  5   4  0   6  1  0  1  0  0/0    19:27   2:52   0:32 
Jakob Stukel             1  0  1   1  0   5  1  0  1  0  0/0    12:27   0:00   0:00 
Kevin Czuczman           0  0  0   2  0   1  3  0  1  0  0/0    19:00   2:55   1:09 
Lukas Jasek              0  0  0   0  0   0  0  0  0  0  0/0     5:57   0:00   0:00 
Marc Methot              0  0  0   2  0   0  1  2  0  1  0/0    19:00   2:55   1:09 
Michael Joly             3  2  5   4  5   6  0  3  0  2  0/0    17:08   2:48   0:00 
Nikita Popugaev          0  0  0   0  0   0  2  0  1  0  0/0     5:57   0:00   0:00 
Oleg Sosunov             0  0  0   2  0   0  0  2  0  1  0/0    12:09   0:00   0:00 
Oscar Fantenberg         0  1  1   5  0   3  3  2  0  2  0/0    28:51   3:36   1:41 
Sebastian Repo           0  0  0   3  0   0  1  0  0  0  2/3     8:02   0:53   0:00 
Tanner Fritz             1  2  3   3  5   3  1  1  2  0  6/8    18:32   2:41   0:13 
Tobias Geisser           0  0  0   2  5   0  1  0  0  0  0/0    12:08   0:00   0:00 
Tom Kuhnhackl            1  3  4   4  0   3  0  1  0  0  0/0    21:17   3:33   1:03 

Players Stats for Drummondville Voltigeurs

Player Name              G  A  P  +/- PIM S  H  SB GA TA FO     MP     PP MP  PK MP  
------------------------------------------------------------------------------------
Anders Bjork             0  0  0   0  0   0  1  0  1  1  0/0     6:26   0:00   0:00 
Axel Holmstrom           0  0  0   0  0   1  0  0  0  0  2/3     6:26   0:00   0:00 
Curtis McKenzie          0  1  1  -4  2   3  4  0  0  1  1/2    22:05   1:46   3:03 
Gage Quinney             0  0  0  -1  5   1  1  0  1  0  2/2    14:39   1:04   0:00 
Isac Lundestrom          0  0  0  -3  0   3  0  0  0  0  2/7    14:27   0:00   2:13 
Jean-Sebastien Dea       1  0  1  -2  0   2  0  0  2  1  9/14   17:46   1:04   1:36 
Joakim Nordstrom         0  0  0  -4  0   4  2  0  1  1  0/1    20:47   1:46   1:36 
Julius Honka             0  1  1  -4  5   3  0  5  1  1  0/0    25:05   0:51   3:56 
Kevin Ekman-Larsson      0  0  0  -1  5   0  0  2  0  0  0/0    12:38   0:03   0:49 
Kevin Rooney             0  0  0  -4  0   5  1  2  2  1  21/35  27:44   1:46   3:33 
Matt Taormina            0  0  0  -4  0   1  2  0  0  1  0/0    20:50   0:37   2:35 
Nick Merkley             0  0  0  -2  0   5  1  0  0  0  0/0    16:10   1:04   0:00 
Olli Juolevi             0  0  0  -3  17  2  1  0  0  0  0/0    15:32   1:08   1:02 
Phillip Di Giuseppe      0  0  0  -3  2   2  2  0  0  0  0/0    11:54   0:00   0:00 
Ryan Gropp               0  0  0  -1  17  0  0  0  0  0  0/0     4:01   0:00   0:29 
Sam Miletic              0  0  0  -3  0   0  2  2  1  0  0/0    12:40   0:00   0:32 
Sergei Boikov            0  0  0  -2  0   0  3  2  0  1  0/0    19:39   0:51   0:44 
Seth Helgeson            0  0  0  -4  5   1  1  5  0  2  0/0    24:32   2:10   3:56 

3 Stars

1 - Austin Czarnik (REM)
2 - Michael Joly (REM)
3 - Jack Kopacka (REM)

Power Play

Quebec Rempart - 1 on 4 Attempt(s) - 25,00%
Drummondville Voltigeurs - 1 on 2 Attempt(s) - 50,00%

Penalty Kill

Quebec Rempart - 1 on 2 Attempt(s) - 50,00% - Score 0 goal in Penalty Kill
Drummondville Voltigeurs - 3 on 4 Attempt(s) - 75,00% - Score 0 goal in Penalty Kill

Team Stat

Quebec Rempart - Hits : 20 - Faceoff Wins : 27 - Blocked Shots : 12 - Penalty Minutes : 34
Drummondville Voltigeurs - Hits : 21 - Faceoff Wins : 37 - Blocked Shots : 18 - Penalty Minutes : 58

Official

Referees : Unknown
Linesman : Unknown

Game Notes

Julius Honka and Tanner Fritz fight to a draw at 6:54 of 1st period
15:21 of 1st period - Quebec Rempart goal is going for a video replay. After video review, Goal.
Seth Helgeson and Dmytro Timashov fight to a draw at 19:13 of 1st period
Unknown Goalie enters game at 4:18 of 2nd period
Gage Quinney and Michael Joly fight to a draw at 13:50 of 2nd period
Michael Joly has scored a Hat Trick!
Unknown Goalie enters game at 2:51 of 3rd period
Kevin Ekman-Larsson and Evan Weinger fight to a draw at 3:18 of 3rd period
Olli Juolevi and Dmytro Timashov fight to a draw at 4:47 of 3rd period
Tobias Geisser beats up Ryan Gropp at 18:01 of 3rd period

Quebec Rempart

5 vs 5 Forward 
   Center                   Left Wing                Right Wing               Time % Phy DF OF 
 1 Austin Czarnik           Dmytro Timashov          Tom Kuhnhackl            40     1   2  2  
 2 Tanner Fritz             Jack Kopacka             Michael Joly             30     1   2  2  
 3 Connor Bunnaman          Jakob Stukel             Evan Weinger             20     1   2  2  
 4 Austin Czarnik           Nikita Popugaev          Lukas Jasek              10     1   2  2  

5 vs 5 Defense 
   Defense                  Defense                                           Time % Phy DF OF 
 1 Oscar Fantenberg         Ilya Lyubushkin                                   40     1   2  2  
 2 Marc Methot              Kevin Czuczman                                    30     1   2  2  
 3 Oleg Sosunov             Tobias Geisser                                    20     1   2  2  
 4 Oscar Fantenberg         Ilya Lyubushkin                                   10     1   2  2  

PowerPlay Forward 
   Center                   Left Wing                Right Wing               Time % Phy DF OF 
 1 Austin Czarnik           Dmytro Timashov          Tom Kuhnhackl            60     1   2  2  
 2 Tanner Fritz             Jack Kopacka             Michael Joly             40     1   2  2  

PowerPlay Defense
   Defense                  Defense                                           Time % Phy DF OF 
 1 Oscar Fantenberg         Ilya Lyubushkin                                   60     1   2  2  
 2 Marc Methot              Kevin Czuczman                                    40     1   2  2  

Penalty Kill 4 Players Forward 
   Center                   Wing                     Time % Phy DF OF 
 1 Austin Czarnik           Dmytro Timashov          60     1   2  2  
 2 Tom Kuhnhackl            Tanner Fritz             40     1   2  2  

Penalty Kill 4 Players Defense
   Defense                  Defense                  Time % Phy DF OF 
 1 Oscar Fantenberg         Ilya Lyubushkin          60     1   2  2  
 2 Marc Methot              Kevin Czuczman           40     1   2  2  

Penalty Kill - 3 Players Forward 
   Forward                                           Time % Phy DF OF 
 1 Austin Czarnik                                    60     1   2  2  
 2 Dmytro Timashov                                   40     1   2  2  

Penalty Kill - 3 Players Defense
   Defense                  Defense                  Time % Phy DF OF 
 1 Oscar Fantenberg         Ilya Lyubushkin          60     1   2  2  
 2 Marc Methot              Kevin Czuczman           40     1   2  2  

4 vs 4 Forward 
   Center                   Wing                     Time % Phy DF OF 
 1 Austin Czarnik           Dmytro Timashov          60     1   2  2  
 2 Tom Kuhnhackl            Tanner Fritz             40     1   2  2  

4 vs 4 Defense
   Defense                  Defense                  Time % Phy DF OF 
 1 Oscar Fantenberg         Ilya Lyubushkin          60     1   2  2  
 2 Marc Methot              Kevin Czuczman           40     1   2  2  

Last Minutes Offensive
   Center                   Left Wing                Right Wing               Defense                  Defense                  
   Austin Czarnik           Dmytro Timashov          Tom Kuhnhackl            Oscar Fantenberg         Ilya Lyubushkin          

Last Minutes Defensive
   Center                   Left Wing                Right Wing               Defense                  Defense                  
   Austin Czarnik           Dmytro Timashov          Tom Kuhnhackl            Oscar Fantenberg         Ilya Lyubushkin          

Goaltenders
Starting : Troy Grosenick           
Backup : Charles Williams         

Extra Forwards
Normal : Sebastian Repo, Connor Bunnaman, Evan Weinger - PP : Sebastian Repo, Connor Bunnaman - PK : Evan Weinger
Extra Defensemen
Normal : Oleg Sosunov, Tobias Geisser, Marc Methot - PP : Oleg Sosunov - PK : Tobias Geisser, Marc Methot
Penalty Shots
Austin Czarnik, Dmytro Timashov, Tom Kuhnhackl, Tanner Fritz, Connor Bunnaman

Scratches
Jamie McGinn (Exhaustion), Libor Hajek (Healthy), Egor Sharangovich (Healthy), Nick Seeler (Suspend), Colton Hargrove (Healthy)
Joseph LaBate (Healthy), Yakov Trenin (Healthy), Nick Moutrey (Healthy), Nikita Korostelev (Healthy), Dan DeSalvo (Healthy)
Patrick Bajkov (Healthy), Luke Green (Healthy), Andrew Hammond (Healthy), Aaron Dell (Healthy), Spencer Martin (Healthy)
Adin Hill (Healthy)

Drummondville Voltigeurs

5 vs 5 Forward 
   Center                   Left Wing                Right Wing               Time % Phy DF OF 
 1 Kevin Rooney             Curtis McKenzie          Joakim Nordstrom         40     1   2  2  
 2 Jean-Sebastien Dea       Gage Quinney             Nick Merkley             30     1   2  2  
 3 Isac Lundestrom          Sam Miletic              Phillip Di Giuseppe      20     1   2  2  
 4 Axel Holmstrom           Anders Bjork             Kevin Rooney             10     1   2  2  

5 vs 5 Defense 
   Defense                  Defense                                           Time % Phy DF OF 
 1 Julius Honka             Seth Helgeson                                     40     1   2  2  
 2 Olli Juolevi             Matt Taormina                                     30     1   2  2  
 3 Sergei Boikov            Kevin Ekman-Larsson                               20     1   2  2  
 4 Julius Honka             Seth Helgeson                                     10     1   2  2  

PowerPlay Forward 
   Center                   Left Wing                Right Wing               Time % Phy DF OF 
 1 Kevin Rooney             Curtis McKenzie          Joakim Nordstrom         60     1   2  2  
 2 Jean-Sebastien Dea       Gage Quinney             Nick Merkley             40     1   2  2  

PowerPlay Defense
   Defense                  Defense                                           Time % Phy DF OF 
 1 Julius Honka             Seth Helgeson                                     60     1   2  2  
 2 Olli Juolevi             Matt Taormina                                     40     1   2  2  

Penalty Kill 4 Players Forward 
   Center                   Wing                     Time % Phy DF OF 
 1 Kevin Rooney             Curtis McKenzie          60     1   2  2  
 2 Joakim Nordstrom         Jean-Sebastien Dea       40     1   2  2  

Penalty Kill 4 Players Defense
   Defense                  Defense                  Time % Phy DF OF 
 1 Julius Honka             Seth Helgeson            60     1   2  2  
 2 Olli Juolevi             Matt Taormina            40     1   2  2  

Penalty Kill - 3 Players Forward 
   Forward                                           Time % Phy DF OF 
 1 Kevin Rooney                                      60     1   2  2  
 2 Curtis McKenzie                                   40     1   2  2  

Penalty Kill - 3 Players Defense
   Defense                  Defense                  Time % Phy DF OF 
 1 Julius Honka             Seth Helgeson            60     1   2  2  
 2 Olli Juolevi             Matt Taormina            40     1   2  2  

4 vs 4 Forward 
   Center                   Wing                     Time % Phy DF OF 
 1 Kevin Rooney             Curtis McKenzie          60     1   2  2  
 2 Joakim Nordstrom         Jean-Sebastien Dea       40     1   2  2  

4 vs 4 Defense
   Defense                  Defense                  Time % Phy DF OF 
 1 Julius Honka             Seth Helgeson            60     1   2  2  
 2 Olli Juolevi             Matt Taormina            40     1   2  2  

Last Minutes Offensive
   Center                   Left Wing                Right Wing               Defense                  Defense                  
   Kevin Rooney             Curtis McKenzie          Joakim Nordstrom         Julius Honka             Seth Helgeson            

Last Minutes Defensive
   Center                   Left Wing                Right Wing               Defense                  Defense                  
   Kevin Rooney             Curtis McKenzie          Joakim Nordstrom         Julius Honka             Seth Helgeson            

Goaltenders
Starting : Unknown Goalie           
Backup : Unknown Goalie           

Extra Forwards
Normal : Ryan Gropp, Sam Miletic, Isac Lundestrom - PP : Ryan Gropp, Sam Miletic - PK : Isac Lundestrom
Extra Defensemen
Normal : Sergei Boikov, Kevin Ekman-Larsson, Olli Juolevi - PP : Sergei Boikov - PK : Kevin Ekman-Larsson, Olli Juolevi
Penalty Shots
Kevin Rooney, Curtis McKenzie, Joakim Nordstrom, Jean-Sebastien Dea, Gage Quinney

Scratches
Boris Katchouk (Healthy), Brayden Burke (Healthy), Kristian Reichel (Healthy), Tye McGinn (Healthy), Zach Nastasiuk (Healthy)
Matiss Kivlenieks (Healthy), Adam Wilcox (Healthy), Zachary Fucale (Healthy), Merrick Madsen (Healthy)

% Time on Ice - Quebec Rempart

Lines # - Real PCT - Wanted PCT - Time Play
Normal Forward
1 - 33% - 40% - 16:44
2 - 31% - 30% - 15:49
3 - 24% - 20% - 12:09
4 - 12% - 10% - 5:57
Normal Defense
1 - 40% - 40% - 20:07
2 - 29% - 30% - 14:56
3 - 24% - 20% - 12:09
4 - 7% - 10% - 3:27
PP Forward
1 - 59% - 60% - 3:50
2 - 41% - 40% - 2:41
PP Defense
1 - 55% - 60% - 3:36
2 - 45% - 40% - 2:55
PK Forward
1 - 87% - 60% - 2:28
2 - 13% - 40% - 0:22
PK Defense
1 - 59% - 60% - 1:41
2 - 41% - 40% - 1:09
PK3 Forward
1 - 0% - 60%
2 - 0% - 40%
PK3 Defense
1 - 0% - 60%
2 - 0% - 40%
44 Forward
1 - 0% - 60%
2 - 0% - 40%
44 Defense
1 - 0% - 60%
2 - 0% - 40%
Last Minute Offensive  - 0:00
Last Minute Defensive  - 0:00
Total
Forward - 60:00
Defense - 60:00

% Time on Ice - Drummondville Voltigeurs

Lines # - Real PCT - Wanted PCT - Time Play
Normal Forward
1 - 34% - 40% - 17:17
2 - 30% - 30% - 15:06
3 - 23% - 20% - 11:50
4 - 13% - 10% - 6:26
Normal Defense
1 - 39% - 40% - 19:36
2 - 38% - 30% - 19:17
3 - 18% - 20% - 9:01
4 - 5% - 10% - 2:45
PP Forward
1 - 62% - 60% - 1:46
2 - 38% - 40% - 1:04
PP Defense
1 - 78% - 60% - 2:13
2 - 22% - 40% - 0:37
PK Forward
1 - 75% - 60% - 4:55
2 - 25% - 40% - 1:36
PK Defense
1 - 60% - 60% - 3:56
2 - 40% - 40% - 2:35
PK3 Forward
1 - 0% - 60%
2 - 0% - 40%
PK3 Defense
1 - 0% - 60%
2 - 0% - 40%
44 Forward
1 - 0% - 60%
2 - 0% - 40%
44 Defense
1 - 0% - 60%
2 - 0% - 40%
Last Minute Offensive  - 0:00
Last Minute Defensive  - 0:00
Total
Forward - 60:00
Defense - 60:00

Play-by-Play

1st period


0:01 of 1st period - Kevin Rooney wins face-off versus Austin Czarnik in neutral zone.
0:11 of 1st period - Snap shot by Austin Czarnik.
0:11 of 1st period - Shot Blocked by Kevin Rooney.
0:13 of 1st period - Slapshot by Ilya Lyubushkin.
0:13 of 1st period - Deflect By Tom Kuhnhackl.
0:13 of 1st period - Stopped by Unknown Goalie with a rebound.
0:15 of 1st period - Snap shot by Dmytro Timashov.
0:15 of 1st period - Stopped by Unknown Goalie with a rebound.
0:33 of 1st period - Icing by Julius Honka.
0:34 of 1st period - Connor Bunnaman wins face-off versus Jean-Sebastien Dea in Drummondville Voltigeurs zone.
0:41 of 1st period - Slapshot by Connor Bunnaman.
0:41 of 1st period - Stopped by Unknown Goalie with a rebound.
0:43 of 1st period - Snap shot by Evan Weinger.
0:43 of 1st period - Shot Misses the Net.
0:46 of 1st period - Icing by Seth Helgeson.
0:47 of 1st period - Jean-Sebastien Dea wins face-off versus Austin Czarnik in Drummondville Voltigeurs zone.
1:11 of 1st period - Icing by Sam Miletic.
1:12 of 1st period - Tanner Fritz wins face-off versus Isac Lundestrom in Drummondville Voltigeurs zone.
1:19 of 1st period - Snap shot by Jack Kopacka.
1:19 of 1st period - Shot Misses the Net.
1:39 of 1st period - Off-side.
1:40 of 1st period - Axel Holmstrom wins face-off versus Austin Czarnik in neutral zone.
1:47 of 1st period - Slapshot by Kevin Rooney.
1:47 of 1st period - Shot Misses the Net.
1:49 of 1st period - Snap shot by Olli Juolevi.
1:49 of 1st period - Shot Misses the Net.
1:51 of 1st period - Wrist shot by Kevin Rooney.
1:51 of 1st period - Shot Hit the Post.
1:53 of 1st period - Slapshot by Axel Holmstrom.
1:53 of 1st period - Shot Misses the Net.
3:20 of 1st period - Snap shot by Jakob Stukel.
3:20 of 1st period - Stopped by Unknown Goalie with a rebound.
3:34 of 1st period - Curtis McKenzie is hit by Kevin Czuczman and loses puck.
4:21 of 1st period - Slapshot by Austin Czarnik.
4:21 of 1st period - Stopped by Unknown Goalie with a rebound.
4:23 of 1st period - Snap shot by Austin Czarnik.
4:23 of 1st period - Stopped by Unknown Goalie with a rebound.
4:25 of 1st period - Snap shot by Dmytro Timashov.
4:25 of 1st period - Shot Misses the Net.
4:57 of 1st period - Snap shot by Joakim Nordstrom.
4:57 of 1st period - Stopped by Troy Grosenick with a rebound.
5:35 of 1st period - Nick Merkley is hit by Nikita Popugaev and loses puck.
5:58 of 1st period - Icing by Kevin Rooney.
5:59 of 1st period - Connor Bunnaman wins face-off versus Axel Holmstrom in Drummondville Voltigeurs zone.
6:00 of 1st period - Slapshot by Evan Weinger.
6:00 of 1st period - Shot Misses the Net.
6:02 of 1st period - Wrist shot by Jakob Stukel.
6:02 of 1st period - Stopped by Unknown Goalie with a rebound.
6:15 of 1st period - Snap shot by Connor Bunnaman.
6:15 of 1st period - Stopped by Unknown Goalie with a rebound.
6:22 of 1st period - Icing by Matt Taormina.
6:23 of 1st period - Jean-Sebastien Dea wins face-off versus Tanner Fritz in Drummondville Voltigeurs zone.
6:54 of 1st period - Julius Honka and Tanner Fritz fight to a draw.
6:54 of 1st period - Penalty to Julius Honka for Fighting.
6:54 of 1st period - Penalty to Tanner Fritz for Fighting.
6:55 of 1st period - Kevin Rooney wins face-off versus Austin Czarnik in Quebec Rempart zone.
7:42 of 1st period - Icing by Ilya Lyubushkin.
7:43 of 1st period - Sebastian Repo wins face-off versus Isac Lundestrom in Quebec Rempart zone.
7:57 of 1st period - Wrist shot by Jack Kopacka.
7:57 of 1st period - Shot Blocked by Sam Miletic.
7:59 of 1st period - Slapshot by Oscar Fantenberg.
7:59 of 1st period - Deflect By Michael Joly.
7:59 of 1st period - Goal by Michael Joly - Quebec Rempart : 1 - Drummondville Voltigeurs : 0.
8:00 of 1st period - Kevin Rooney wins face-off versus Austin Czarnik in neutral zone.
8:18 of 1st period - Minor Penalty to Dmytro Timashov for Hooking.
8:19 of 1st period - Kevin Rooney wins face-off versus Austin Czarnik in Quebec Rempart zone.
10:18 of 1st period - Penalty to Dmytro Timashov is over, Dmytro Timashov is back on ice.
10:30 of 1st period - Tom Kuhnhackl is hit by Phillip Di Giuseppe and loses puck.
12:29 of 1st period - Kevin Czuczman is hit by Nick Merkley and loses puck.
12:36 of 1st period - Snap shot by Gage Quinney.
12:36 of 1st period - Shot Blocked by Marc Methot.
12:38 of 1st period - Snap shot by Nick Merkley.
12:38 of 1st period - Shot Blocked by Michael Joly.
12:40 of 1st period - Slapshot by Julius Honka.
12:40 of 1st period - Stopped by Troy Grosenick without a rebound.
12:41 of 1st period - Austin Czarnik wins face-off versus Kevin Rooney in Quebec Rempart zone.
12:46 of 1st period - Snap shot by Austin Czarnik.
12:46 of 1st period - Stopped by Unknown Goalie with a rebound.
12:52 of 1st period - Oscar Fantenberg is hit by Curtis McKenzie and loses puck.
13:10 of 1st period - Wrist shot by Isac Lundestrom.
13:10 of 1st period - Deflect By Lukas Jasek.
13:10 of 1st period - Stopped by Troy Grosenick with a rebound.
13:12 of 1st period - Slapshot by Phillip Di Giuseppe.
13:12 of 1st period - Stopped by Troy Grosenick without a rebound.
13:13 of 1st period - Connor Bunnaman wins face-off versus Joakim Nordstrom in Quebec Rempart zone.
13:24 of 1st period - Off-side.
13:25 of 1st period - Kevin Rooney wins face-off versus Connor Bunnaman in neutral zone.
13:28 of 1st period - Ilya Lyubushkin is hit by Curtis McKenzie and loses puck.
13:37 of 1st period - Snap shot by Kevin Rooney.
13:37 of 1st period - Stopped by Troy Grosenick with a rebound.
13:39 of 1st period - Wrist shot by Curtis McKenzie.
13:39 of 1st period - Stopped by Troy Grosenick without a rebound.
13:40 of 1st period - Kevin Rooney wins face-off versus Austin Czarnik in Quebec Rempart zone.
13:49 of 1st period - Snap shot by Kevin Rooney.
13:49 of 1st period - Stopped by Troy Grosenick with a rebound.
13:51 of 1st period - Slapshot by Olli Juolevi.
13:51 of 1st period - Shot Misses the Net.
14:03 of 1st period - Olli Juolevi is hit by Jack Kopacka and loses puck.
14:08 of 1st period - Snap shot by Tanner Fritz.
14:08 of 1st period - Stopped by Unknown Goalie with a rebound.
14:10 of 1st period - Snap shot by Jack Kopacka.
14:10 of 1st period - Stopped by Unknown Goalie with a rebound.
14:12 of 1st period - Slapshot by Marc Methot.
14:12 of 1st period - Shot Misses the Net.
14:14 of 1st period - Slapshot by Kevin Czuczman.
14:14 of 1st period - Shot Misses the Net.
14:31 of 1st period - Wrist shot by Connor Bunnaman.
14:31 of 1st period - Shot Misses the Net.
14:48 of 1st period - Icing by Seth Helgeson.
14:49 of 1st period - Austin Czarnik wins face-off versus Kevin Rooney in Drummondville Voltigeurs zone.
14:50 of 1st period - Slapshot by Lukas Jasek.
14:50 of 1st period - Shot Blocked by Julius Honka.
14:52 of 1st period - Snap shot by Austin Czarnik.
14:52 of 1st period - Stopped by Unknown Goalie with a rebound.
15:11 of 1st period - Icing by Joakim Nordstrom.
15:12 of 1st period - Tanner Fritz wins face-off versus Jean-Sebastien Dea in Drummondville Voltigeurs zone.
15:15 of 1st period - Slapshot by Jack Kopacka.
15:15 of 1st period - Shot Misses the Net.
15:17 of 1st period - Slapshot by Michael Joly.
15:17 of 1st period - Stopped by Unknown Goalie with a rebound.
15:19 of 1st period - Wrist shot by Tanner Fritz.
15:19 of 1st period - Shot Blocked by Seth Helgeson.
15:21 of 1st period - Wrist shot by Michael Joly.
15:21 of 1st period - Quebec Rempart goal is going for a video replay.
15:21 of 1st period - The goal is good.
15:21 of 1st period - Goal by Michael Joly - Quebec Rempart : 2 - Drummondville Voltigeurs : 0.
15:22 of 1st period - Kevin Rooney wins face-off versus Austin Czarnik in neutral zone.
15:27 of 1st period - Wrist shot by Curtis McKenzie.
15:27 of 1st period - Stopped by Troy Grosenick with a rebound.
15:29 of 1st period - Slapshot by Sergei Boikov.
15:29 of 1st period - Shot Blocked by Oscar Fantenberg.
15:31 of 1st period - Snap shot by Kevin Rooney.
15:31 of 1st period - Stopped by Troy Grosenick with a rebound.
15:33 of 1st period - Snap shot by Joakim Nordstrom.
15:33 of 1st period - Shot Blocked by Oscar Fantenberg.
15:35 of 1st period - Slapshot by Kevin Ekman-Larsson.
15:35 of 1st period - Shot Misses the Net.
15:49 of 1st period - Ilya Lyubushkin is hit by Gage Quinney and loses puck.
16:00 of 1st period - Gage Quinney is hit by Tanner Fritz and loses puck.
16:41 of 1st period - Kevin Ekman-Larsson is hit by Nikita Popugaev and loses puck.
17:18 of 1st period - Jakob Stukel is hit by Seth Helgeson and loses puck.
17:27 of 1st period - Gage Quinney is hit by Connor Bunnaman and loses puck.
19:03 of 1st period - Off-side.
19:04 of 1st period - Sebastian Repo wins face-off versus Kevin Rooney in neutral zone.
19:10 of 1st period - Off-side.
19:11 of 1st period - Jean-Sebastien Dea wins face-off versus Austin Czarnik in neutral zone.
19:13 of 1st period - Seth Helgeson and Dmytro Timashov fight to a draw.
19:13 of 1st period - Penalty to Seth Helgeson for Fighting.
19:13 of 1st period - Penalty to Dmytro Timashov for Fighting.
19:14 of 1st period - Kevin Rooney wins face-off versus Austin Czarnik in Quebec Rempart zone.
19:17 of 1st period - Slapshot by Curtis McKenzie.
19:17 of 1st period - Deflect By Kevin Rooney.
19:17 of 1st period - Shot Blocked by Tom Kuhnhackl.
19:17 of 1st period - Puck is out of play.
19:18 of 1st period - Kevin Rooney wins face-off versus Austin Czarnik in Quebec Rempart zone.
Goals for this period are 2 for Quebec Rempart vs 0 for Drummondville Voltigeurs.
Shots for this period are 15 for Quebec Rempart vs 9 for Drummondville Voltigeurs.

2nd period


0:01 of 2nd period - Kevin Rooney wins face-off versus Austin Czarnik in neutral zone.
0:11 of 2nd period - Snap shot by Austin Czarnik.
0:11 of 2nd period - Stopped by Unknown Goalie with a rebound.
0:30 of 2nd period - Wrist shot by Michael Joly.
0:30 of 2nd period - Shot Misses the Net.
0:55 of 2nd period - Julius Honka is hit by Connor Bunnaman and loses puck.
1:08 of 2nd period - Wrist shot by Austin Czarnik.
1:08 of 2nd period - Stopped by Unknown Goalie without a rebound.
1:09 of 2nd period - Kevin Rooney wins face-off versus Sebastian Repo in Drummondville Voltigeurs zone.
1:09 of 2nd period - Kevin Rooney is hit by Tobias Geisser.
2:37 of 2nd period - Slapshot by Julius Honka.
2:37 of 2nd period - Stopped by Troy Grosenick with a rebound.
2:39 of 2nd period - Wrist shot by Gage Quinney.
2:39 of 2nd period - Shot Blocked by Michael Joly.
3:03 of 2nd period - Snap shot by Connor Bunnaman.
3:03 of 2nd period - Deflect By Jakob Stukel.
3:03 of 2nd period - Stopped by Unknown Goalie with a rebound.
3:05 of 2nd period - Snap shot by Kevin Czuczman.
3:05 of 2nd period - Deflect By Evan Weinger.
3:05 of 2nd period - Shot Misses the Net.
3:05 of 2nd period - Puck is out of play.
3:06 of 2nd period - Connor Bunnaman wins face-off versus Isac Lundestrom in Drummondville Voltigeurs zone.
3:07 of 2nd period - Wrist shot by Jakob Stukel.
3:07 of 2nd period - Goal by Jakob Stukel - Quebec Rempart : 3 - Drummondville Voltigeurs : 0.
3:08 of 2nd period - Austin Czarnik wins face-off versus Kevin Rooney in neutral zone.
3:10 of 2nd period - Off-side.
3:11 of 2nd period - Austin Czarnik wins face-off versus Kevin Rooney in neutral zone.
3:23 of 2nd period - Wrist shot by Austin Czarnik.
3:23 of 2nd period - Stopped by Unknown Goalie with a rebound.
3:25 of 2nd period - Slapshot by Ilya Lyubushkin.
3:25 of 2nd period - Shot Misses the Net.
3:27 of 2nd period - Wrist shot by Tom Kuhnhackl.
3:27 of 2nd period - Deflect By Austin Czarnik.
3:27 of 2nd period - Goal by Austin Czarnik - Quebec Rempart : 4 - Drummondville Voltigeurs : 0.
3:28 of 2nd period - Austin Czarnik wins face-off versus Kevin Rooney in neutral zone.
3:31 of 2nd period - Snap shot by Tom Kuhnhackl.
3:31 of 2nd period - Stopped by Unknown Goalie without a rebound.
3:32 of 2nd period - Kevin Rooney wins face-off versus Austin Czarnik in Drummondville Voltigeurs zone.
3:43 of 2nd period - Slapshot by Tom Kuhnhackl.
3:43 of 2nd period - Shot Misses the Net.
3:45 of 2nd period - Slapshot by Tom Kuhnhackl.
3:45 of 2nd period - Shot Misses the Net.
3:47 of 2nd period - Slapshot by Tom Kuhnhackl.
3:47 of 2nd period - Shot Misses the Net.
3:58 of 2nd period - Off-side.
3:59 of 2nd period - Jean-Sebastien Dea wins face-off versus Tanner Fritz in neutral zone.
4:10 of 2nd period - Snap shot by Nick Merkley.
4:10 of 2nd period - Stopped by Troy Grosenick without a rebound.
4:11 of 2nd period - Austin Czarnik wins face-off versus Kevin Rooney in Quebec Rempart zone.
4:18 of 2nd period - Wrist shot by Austin Czarnik.
4:18 of 2nd period - Deflect By Tom Kuhnhackl.
4:18 of 2nd period - Goal by Tom Kuhnhackl - Quebec Rempart : 5 - Drummondville Voltigeurs : 0.
4:18 of 2nd period - Unknown Goalie enters game.
4:19 of 2nd period - Austin Czarnik wins face-off versus Kevin Rooney in neutral zone.
4:26 of 2nd period - Wrist shot by Austin Czarnik.
4:26 of 2nd period - Shot Misses the Net.
4:28 of 2nd period - Slapshot by Austin Czarnik.
4:28 of 2nd period - Shot Blocked by Seth Helgeson.
5:06 of 2nd period - Minor Penalty to Phillip Di Giuseppe for Hooking.
5:07 of 2nd period - Kevin Rooney wins face-off versus Austin Czarnik in Drummondville Voltigeurs zone.
6:53 of 2nd period - Icing by Austin Czarnik.
6:54 of 2nd period - Isac Lundestrom wins face-off versus Austin Czarnik in Quebec Rempart zone.
7:03 of 2nd period - Kevin Rooney is hit by Kevin Czuczman and loses puck.
7:06 of 2nd period - Penalty to Phillip Di Giuseppe is over, Phillip Di Giuseppe is back on ice.
7:16 of 2nd period - Snap shot by Nick Merkley.
7:16 of 2nd period - Stopped by Troy Grosenick without a rebound.
7:17 of 2nd period - Jean-Sebastien Dea wins face-off versus Evan Weinger in Quebec Rempart zone.
7:42 of 2nd period - Tanner Fritz is hit by Sergei Boikov and loses puck.
7:51 of 2nd period - Snap shot by Phillip Di Giuseppe.
7:51 of 2nd period - Shot Misses the Net.
8:15 of 2nd period - Slapshot by Michael Joly.
8:15 of 2nd period - Stopped by Unknown Goalie with a rebound.
8:45 of 2nd period - Wrist shot by Jack Kopacka.
8:45 of 2nd period - Shot Blocked by Julius Honka.
8:51 of 2nd period - Wrist shot by Tanner Fritz.
8:51 of 2nd period - Stopped by Unknown Goalie with a rebound.
8:53 of 2nd period - Slapshot by Oleg Sosunov.
8:53 of 2nd period - Shot Blocked by Seth Helgeson.
8:59 of 2nd period - Slapshot by Jack Kopacka.
8:59 of 2nd period - Stopped by Unknown Goalie with a rebound.
9:03 of 2nd period - Snap shot by Jack Kopacka.
9:03 of 2nd period - Shot Blocked by Seth Helgeson.
9:05 of 2nd period - Snap shot by Oleg Sosunov.
9:05 of 2nd period - Deflect By Jack Kopacka.
9:05 of 2nd period - Shot Blocked by Seth Helgeson.
9:05 of 2nd period - Puck is out of play.
9:06 of 2nd period - Gage Quinney wins face-off versus Austin Czarnik in Drummondville Voltigeurs zone.
9:11 of 2nd period - Austin Czarnik is hit by Olli Juolevi and loses puck.
9:22 of 2nd period - Slapshot by Gage Quinney.
9:22 of 2nd period - Stopped by Troy Grosenick without a rebound.
9:23 of 2nd period - Connor Bunnaman wins face-off versus Isac Lundestrom in Quebec Rempart zone.
9:44 of 2nd period - Minor Penalty to Evan Weinger for Tripping.
9:45 of 2nd period - Kevin Rooney wins face-off versus Austin Czarnik in Quebec Rempart zone.
9:54 of 2nd period - Snap shot by Joakim Nordstrom.
9:54 of 2nd period - Deflect By Kevin Rooney.
9:54 of 2nd period - Shot Misses the Net.
9:54 of 2nd period - Puck is out of play.
9:55 of 2nd period - Curtis McKenzie wins face-off versus Austin Czarnik in Quebec Rempart zone.
10:14 of 2nd period - Seth Helgeson is hit by Oscar Fantenberg and loses puck.
10:31 of 2nd period - Slapshot by Julius Honka.
10:31 of 2nd period - Shot Misses the Net.
10:35 of 2nd period - Snap shot by Jean-Sebastien Dea.
10:35 of 2nd period - Goal by Jean-Sebastien Dea - Quebec Rempart : 5 - Drummondville Voltigeurs : 1.
10:36 of 2nd period - Kevin Rooney wins face-off versus Austin Czarnik in neutral zone.
10:39 of 2nd period - Wrist shot by Curtis McKenzie.
10:39 of 2nd period - Stopped by Troy Grosenick without a rebound.
10:40 of 2nd period - Kevin Rooney wins face-off versus Austin Czarnik in Quebec Rempart zone.
10:49 of 2nd period - Snap shot by Joakim Nordstrom.
10:49 of 2nd period - Stopped by Troy Grosenick without a rebound.
10:50 of 2nd period - Kevin Rooney wins face-off versus Austin Czarnik in Quebec Rempart zone.
11:12 of 2nd period - Minor Penalty to Curtis McKenzie for Roughing.
11:13 of 2nd period - Austin Czarnik wins face-off versus Kevin Rooney in Drummondville Voltigeurs zone.
11:43 of 2nd period - Snap shot by Michael Joly.
11:43 of 2nd period - Stopped by Unknown Goalie with a rebound.
11:45 of 2nd period - Wrist shot by Jack Kopacka.
11:45 of 2nd period - Shot Blocked by Kevin Rooney.
11:47 of 2nd period - Wrist shot by Jack Kopacka.
11:47 of 2nd period - Goal by Jack Kopacka - Quebec Rempart : 6 - Drummondville Voltigeurs : 1.
11:48 of 2nd period - Kevin Rooney wins face-off versus Austin Czarnik in neutral zone.
11:55 of 2nd period - Snap shot by Curtis McKenzie.
11:55 of 2nd period - Deflect By Tom Kuhnhackl.
11:55 of 2nd period - Shot Blocked by Ilya Lyubushkin.
11:55 of 2nd period - Puck is out of play.
11:56 of 2nd period - Kevin Rooney wins face-off versus Austin Czarnik in Quebec Rempart zone.
12:15 of 2nd period - Joakim Nordstrom is hit by Oscar Fantenberg.
12:52 of 2nd period - Wrist shot by Kevin Rooney.
12:52 of 2nd period - Stopped by Troy Grosenick with a rebound.
12:58 of 2nd period - Dmytro Timashov is hit by Joakim Nordstrom.
13:08 of 2nd period - Snap shot by Austin Czarnik.
13:08 of 2nd period - Shot Misses the Net.
13:22 of 2nd period - Kevin Rooney is hit by Dmytro Timashov and loses puck.
13:33 of 2nd period - Wrist shot by Austin Czarnik.
13:33 of 2nd period - Stopped by Unknown Goalie with a rebound.
13:35 of 2nd period - Snap shot by Tom Kuhnhackl.
13:35 of 2nd period - Shot Blocked by Julius Honka.
13:43 of 2nd period - Snap shot by Dmytro Timashov.
13:43 of 2nd period - Goal by Dmytro Timashov - Quebec Rempart : 7 - Drummondville Voltigeurs : 1.
13:44 of 2nd period - Tanner Fritz wins face-off versus Jean-Sebastien Dea in neutral zone.
13:50 of 2nd period - Gage Quinney and Michael Joly fight to a draw.
13:50 of 2nd period - Penalty to Gage Quinney for Fighting.
13:50 of 2nd period - Penalty to Michael Joly for Fighting.
13:51 of 2nd period - Tanner Fritz wins face-off versus Jean-Sebastien Dea in neutral zone.
14:02 of 2nd period - Snap shot by Olli Juolevi.
14:02 of 2nd period - Stopped by Troy Grosenick with a rebound.
14:04 of 2nd period - Wrist shot by Matt Taormina.
14:04 of 2nd period - Stopped by Troy Grosenick with a rebound.
14:37 of 2nd period - Wrist shot by Lukas Jasek.
14:37 of 2nd period - Shot Blocked by Kevin Ekman-Larsson.
14:39 of 2nd period - Slapshot by Kevin Czuczman.
14:39 of 2nd period - Stopped by Unknown Goalie with a rebound.
15:09 of 2nd period - Tanner Fritz is hit by Sam Miletic and loses puck.
15:22 of 2nd period - Backhand shot by Jack Kopacka.
15:22 of 2nd period - Stopped by Unknown Goalie with a rebound.
15:41 of 2nd period - Icing by Anders Bjork.
15:42 of 2nd period - Axel Holmstrom wins face-off versus Connor Bunnaman in Drummondville Voltigeurs zone.
15:49 of 2nd period - Wrist shot by Phillip Di Giuseppe.
15:49 of 2nd period - Shot Misses the Net.
15:51 of 2nd period - Snap shot by Sam Miletic.
15:51 of 2nd period - Shot Blocked by Oleg Sosunov.
15:53 of 2nd period - Wrist shot by Sam Miletic.
15:53 of 2nd period - Shot Blocked by Oleg Sosunov.
15:55 of 2nd period - Wrist shot by Phillip Di Giuseppe.
15:55 of 2nd period - Stopped by Troy Grosenick with a rebound.
16:07 of 2nd period - Matt Taormina is hit by Sebastian Repo and loses puck.
16:26 of 2nd period - Snap shot by Austin Czarnik.
16:26 of 2nd period - Goal by Austin Czarnik - Quebec Rempart : 8 - Drummondville Voltigeurs : 1.
16:27 of 2nd period - Kevin Rooney wins face-off versus Austin Czarnik in neutral zone.
17:15 of 2nd period - Off-side.
17:16 of 2nd period - Isac Lundestrom wins face-off versus Connor Bunnaman in neutral zone.
17:28 of 2nd period - Seth Helgeson is hit by Jakob Stukel and loses puck.
17:41 of 2nd period - Snap shot by Isac Lundestrom.
17:41 of 2nd period - Stopped by Troy Grosenick with a rebound.
17:43 of 2nd period - Slapshot by Kevin Rooney.
17:43 of 2nd period - Stopped by Troy Grosenick without a rebound.
17:44 of 2nd period - Austin Czarnik wins face-off versus Kevin Rooney in Quebec Rempart zone.
18:03 of 2nd period - Olli Juolevi is hit by Austin Czarnik and loses puck.
19:06 of 2nd period - Matt Taormina is hit by Austin Czarnik and loses puck.
19:14 of 2nd period - Icing by Olli Juolevi.
19:15 of 2nd period - Tanner Fritz wins face-off versus Kevin Rooney in Drummondville Voltigeurs zone.
19:34 of 2nd period - Snap shot by Curtis McKenzie.
19:34 of 2nd period - Shot Blocked by Tanner Fritz.
19:36 of 2nd period - Snap shot by Joakim Nordstrom.
19:36 of 2nd period - Stopped by Troy Grosenick with a rebound.
19:38 of 2nd period - Snap shot by Olli Juolevi.
19:38 of 2nd period - Deflect By Michael Joly.
19:38 of 2nd period - Stopped by Troy Grosenick without a rebound.
19:39 of 2nd period - Jean-Sebastien Dea wins face-off versus Connor Bunnaman in Quebec Rempart zone.
19:40 of 2nd period - Wrist shot by Nick Merkley.
19:40 of 2nd period - Stopped by Troy Grosenick with a rebound.
19:48 of 2nd period - Snap shot by Jean-Sebastien Dea.
19:48 of 2nd period - Stopped by Troy Grosenick with a rebound.
19:50 of 2nd period - Slapshot by Julius Honka.
19:50 of 2nd period - Stopped by Troy Grosenick with a rebound.
Goals for this period are 6 for Quebec Rempart vs 1 for Drummondville Voltigeurs.
Shots for this period are 18 for Quebec Rempart vs 18 for Drummondville Voltigeurs.

3rd period


0:01 of 3rd period - Austin Czarnik wins face-off versus Kevin Rooney in neutral zone.
0:11 of 3rd period - Oscar Fantenberg is hit by Curtis McKenzie and loses puck.
0:32 of 3rd period - Slapshot by Jack Kopacka.
0:32 of 3rd period - Shot Misses the Net.
0:34 of 3rd period - Wrist shot by Jack Kopacka.
0:34 of 3rd period - Shot Blocked by Julius Honka.
0:36 of 3rd period - Slapshot by Ilya Lyubushkin.
0:36 of 3rd period - Shot Misses the Net.
0:52 of 3rd period - Slapshot by Evan Weinger.
0:52 of 3rd period - Shot Misses the Net.
1:37 of 3rd period - Slapshot by Joakim Nordstrom.
1:37 of 3rd period - Shot Blocked by Michael Joly.
1:51 of 3rd period - Wrist shot by Jakob Stukel.
1:51 of 3rd period - Stopped by Unknown Goalie with a rebound.
2:51 of 3rd period - Snap shot by Michael Joly.
2:51 of 3rd period - Goal by Michael Joly - Quebec Rempart : 9 - Drummondville Voltigeurs : 1.
2:51 of 3rd period - Unknown Goalie enters game.
2:52 of 3rd period - Jean-Sebastien Dea wins face-off versus Austin Czarnik in neutral zone.
3:04 of 3rd period - Wrist shot by Tom Kuhnhackl.
3:04 of 3rd period - Shot Blocked by Kevin Ekman-Larsson.
3:06 of 3rd period - Snap shot by Oscar Fantenberg.
3:06 of 3rd period - Deflect By Gage Quinney.
3:06 of 3rd period - Stopped by Unknown Goalie with a rebound.
3:08 of 3rd period - Slapshot by Oscar Fantenberg.
3:08 of 3rd period - Shot Blocked by Sergei Boikov.
3:18 of 3rd period - Kevin Ekman-Larsson and Evan Weinger fight to a draw.
3:18 of 3rd period - Penalty to Kevin Ekman-Larsson for Fighting.
3:18 of 3rd period - Penalty to Evan Weinger for Fighting.
3:19 of 3rd period - Austin Czarnik wins face-off versus Kevin Rooney in Quebec Rempart zone.
4:11 of 3rd period - Ilya Lyubushkin is hit by Joakim Nordstrom and loses puck.
4:34 of 3rd period - Icing by Tobias Geisser.
4:35 of 3rd period - Jean-Sebastien Dea wins face-off versus Austin Czarnik in Quebec Rempart zone.
4:36 of 3rd period - Wrist shot by Nick Merkley.
4:36 of 3rd period - Stopped by Troy Grosenick without a rebound.
4:37 of 3rd period - Austin Czarnik wins face-off versus Jean-Sebastien Dea in Quebec Rempart zone.
4:47 of 3rd period - Olli Juolevi and Dmytro Timashov fight to a draw.
4:47 of 3rd period - Penalty to Olli Juolevi for Fighting.
4:47 of 3rd period - Penalty to Dmytro Timashov for Fighting.
4:47 of 3rd period - Penalty to Olli Juolevi for instigated a fight.
4:47 of 3rd period - Penalty to Olli Juolevi for instigated a fight.
4:48 of 3rd period - Kevin Rooney wins face-off versus Austin Czarnik in Quebec Rempart zone.
4:51 of 3rd period - Snap shot by Curtis McKenzie.
4:51 of 3rd period - Shot Misses the Net.
4:59 of 3rd period - Slapshot by Ilya Lyubushkin.
4:59 of 3rd period - Shot Blocked by Julius Honka.
5:01 of 3rd period - Slapshot by Ilya Lyubushkin.
5:01 of 3rd period - Shot Misses the Net.
5:03 of 3rd period - Slapshot by Oscar Fantenberg.
5:03 of 3rd period - Stopped by Unknown Goalie with a rebound.
5:27 of 3rd period - Jack Kopacka is hit by Sergei Boikov and loses puck.
5:45 of 3rd period - Tom Kuhnhackl is hit by Matt Taormina and loses puck.
6:10 of 3rd period - Ryan Gropp is hit by Austin Czarnik and loses puck.
6:47 of 3rd period - Penalty to Olli Juolevi is over, Joakim Nordstrom is send on ice.
9:26 of 3rd period - Kevin Czuczman is hit by Sam Miletic and loses puck.
10:19 of 3rd period - Slapshot by Ilya Lyubushkin.
10:19 of 3rd period - Deflect By Nikita Popugaev.
10:19 of 3rd period - Shot Blocked by Sergei Boikov.
10:19 of 3rd period - Puck is out of play.
10:20 of 3rd period - Tanner Fritz wins face-off versus Isac Lundestrom in Drummondville Voltigeurs zone.
10:23 of 3rd period - Snap shot by Michael Joly.
10:23 of 3rd period - Shot Misses the Net.
10:29 of 3rd period - Wrist shot by Tanner Fritz.
10:29 of 3rd period - Deflect By Jack Kopacka.
10:29 of 3rd period - Stopped by Unknown Goalie with a rebound.
10:31 of 3rd period - Wrist shot by Tanner Fritz.
10:31 of 3rd period - Shot Blocked by Sam Miletic.
10:33 of 3rd period - Slapshot by Jack Kopacka.
10:33 of 3rd period - Shot Misses the Net.
11:10 of 3rd period - Evan Weinger is hit by Anders Bjork and loses puck.
11:33 of 3rd period - Snap shot by Michael Joly.
11:33 of 3rd period - Deflect By Tanner Fritz.
11:33 of 3rd period - Goal by Tanner Fritz - Quebec Rempart : 10 - Drummondville Voltigeurs : 1.
11:34 of 3rd period - Gage Quinney wins face-off versus Austin Czarnik in neutral zone.
11:45 of 3rd period - Snap shot by Nick Merkley.
11:45 of 3rd period - Stopped by Troy Grosenick with a rebound.
11:47 of 3rd period - Backhand shot by Seth Helgeson.
11:47 of 3rd period - Shot Misses the Net.
11:49 of 3rd period - Slapshot by Seth Helgeson.
11:49 of 3rd period - Stopped by Troy Grosenick with a rebound.
12:13 of 3rd period - Tanner Fritz is hit by Curtis McKenzie and loses puck.
12:34 of 3rd period - Connor Bunnaman is hit by Phillip Di Giuseppe.
13:09 of 3rd period - Oscar Fantenberg is hit by Sergei Boikov.
13:41 of 3rd period - Wrist shot by Isac Lundestrom.
13:41 of 3rd period - Stopped by Troy Grosenick with a rebound.
13:43 of 3rd period - Snap shot by Joakim Nordstrom.
13:43 of 3rd period - Stopped by Troy Grosenick without a rebound.
13:44 of 3rd period - Connor Bunnaman wins face-off versus Kevin Rooney in Quebec Rempart zone.
14:51 of 3rd period - Snap shot by Curtis McKenzie.
14:51 of 3rd period - Shot Blocked by Marc Methot.
14:53 of 3rd period - Slapshot by Seth Helgeson.
14:53 of 3rd period - Deflect By Curtis McKenzie.
14:53 of 3rd period - Shot Misses the Net.
14:53 of 3rd period - Puck is out of play.
14:54 of 3rd period - Jean-Sebastien Dea wins face-off versus Dmytro Timashov in Quebec Rempart zone.
15:42 of 3rd period - Kevin Czuczman is hit by Kevin Rooney and loses puck.
16:07 of 3rd period - Snap shot by Tom Kuhnhackl.
16:07 of 3rd period - Shot Misses the Net.
16:15 of 3rd period - Snap shot by Kevin Rooney.
16:15 of 3rd period - Shot Misses the Net.
16:17 of 3rd period - Wrist shot by Axel Holmstrom.
16:17 of 3rd period - Stopped by Troy Grosenick with a rebound.
16:55 of 3rd period - Snap shot by Connor Bunnaman.
16:55 of 3rd period - Stopped by Unknown Goalie with a rebound.
17:01 of 3rd period - Julius Honka is hit by Marc Methot and loses puck.
17:18 of 3rd period - Snap shot by Jakob Stukel.
17:18 of 3rd period - Shot Misses the Net.
17:20 of 3rd period - Slapshot by Oscar Fantenberg.
17:20 of 3rd period - Stopped by Unknown Goalie with a rebound.
17:28 of 3rd period - Wrist shot by Jack Kopacka.
17:28 of 3rd period - Stopped by Unknown Goalie with a rebound.
18:01 of 3rd period - Tobias Geisser beats up Ryan Gropp.
18:01 of 3rd period - Penalty to Ryan Gropp for Fighting.
18:01 of 3rd period - Penalty to Tobias Geisser for Fighting.
18:01 of 3rd period - Penalty to Ryan Gropp for instigated a fight.
18:01 of 3rd period - Penalty to Ryan Gropp for instigated a fight.
18:02 of 3rd period - Austin Czarnik wins face-off versus Curtis McKenzie in Quebec Rempart zone.
18:37 of 3rd period - Ilya Lyubushkin is hit by Matt Taormina.
18:41 of 3rd period - Joakim Nordstrom is hit by Oscar Fantenberg and loses puck.
19:22 of 3rd period - Seth Helgeson is hit by Kevin Czuczman and loses puck.
19:47 of 3rd period - 10 Minutes Misconduct Penalty to Olli Juolevi is over.
Goals for this period are 2 for Quebec Rempart vs 0 for Drummondville Voltigeurs.
Shots for this period are 9 for Quebec Rempart vs 6 for Drummondville Voltigeurs.